Map: Tropical Sacrifice

Players

Lambo

  • Race: Zerg Zerg
  • Spawn Location: 1:00

ForJumY - Winner!

  • Race: Protoss Protoss
  • League: Grandmaster
  • Spawn Location: 7:00

Event: HomeStory Cup XXII

VOD

Have the link to the VOD?

Description

Time

  • Played on: Dec. 15, 2022, 7:13 a.m.
  • Length: 24:20

All games in this series

Show
View Real Time Build Order
Export as new Build Order

Lambo Zerg 

Build Orders: Hatch First, Brood Lord Corruptor 

Get SALT Encoding   

  12  0:00  Drone  
  13  0:13  Overlord  
  13  0:19  Drone  
  14  0:31  Drone x2  
  16  0:44  Drone  
  17  0:53  Hatchery  
  17  0:56  Drone  
  17  1:00  Drone  
  18  1:11  Extractor  
  17  1:15  Spawning Pool  
  17  1:18  Drone  
  17  1:21  Drone  
  18  1:30  Drone  
  19  1:40  Drone  
  20  1:51  Overlord  
  20  2:02  Queen  
  20  2:04  Queen  
  20  2:05  Zergling x2, Drone  
  26  2:11  Metabolic Boost  
  26  2:12  Zergling x2  
  27  2:15  Drone  
  27  2:22  Drone  
  29  2:27  Drone  
  30  2:33  Drone  
  31  2:40  Hatchery  
  31  2:42  Drone  
  31  2:48  Queen  
  33  2:54  Overlord  
  33  2:58  Drone  
  34  3:01  Zergling x2  
  34  3:04  Zergling x2  
  36  3:12  Queen  
  38  3:14  Zergling x2  
  38  3:15  Drone, Overlord  
  38  3:18  Drone  
  41  3:20  Drone  
  41  3:23  Drone  
  41  3:24  Drone  
  43  3:34  Drone x4  
  47  3:43  Drone x4  
  50  3:52  Drone x3  
  50  3:53  Queen  
  50  3:55  Queen  
  57  4:03  Drone  
  57  4:07  Overlord  
  57  4:09  Overlord  
  58  4:11  Spore Crawler  
  58  4:16  Roach Warren  
  56  4:21  Overlord  
  55  4:25  Overlord  
  55  4:28  Drone x8  
  62  4:32  Zergling x2  
  62  4:35  Overlord  
  63  4:43  Queen  
  63  4:44  Extractor  
  63  4:45  Extractor  
  63  4:46  Overlord  
  63  4:47  Zergling x4  
  63  4:49  Overlord  
  65  4:57  Roach x4  
  72  5:02  Zergling x4  
  74  5:11  Spore Crawler  
  69  5:15  Zergling x4  
  69  5:17  Roach x3  
  74  5:25  Drone x6  
  77  5:32  Drone x2  
  79  5:36  Roach x3  
  85  5:47  Roach x2  
  85  5:48  Drone x3  
  92  5:51  Drone x3  
  92  5:56  Drone x2  
  97  5:59  Lair  
  97  6:02  Evolution Chamber  
  96  6:04  Drone x4  
  96  6:07  Overlord  
  96  6:10  Hatchery  
  99  6:14  Drone x2  
  99  6:15  Drone  
  99  6:16  Drone  
  102  6:19  Drone x2, Extractor  
  102  6:20  Extractor x2  
  102  6:22  Overlord  
  103  6:33  Roach x6  
  103  6:35  Zerg Missile Weapons Level 1  
  113  6:45  Drone x2  
  113  6:46  Queen, Drone x5  
  122  6:51  Overlord  
  122  6:53  Drone  
  121  6:56  Drone x4  
  121  6:59  Drone  
  114  7:06  Drone x3  
  114  7:07  Glial Reconstitution, Spire  
  110  7:10  Roach  
  110  7:11  Drone x3  
  109  7:19  Spore Crawler  
  109  7:21  Roach x2  
  112  7:26  Zergling x8  
  112  7:29  Hatchery x2  
  114  7:32  Zergling x8  
  118  7:37  Zergling x2  
  120  7:44  Zergling x4  
  121  7:52  Roach x4  
  121  7:53  Overseer  
  126  8:03  Roach x2  
  126  8:04  Baneling Nest, Overlord x2  
  126  8:05  Drone  
  130  8:07  Overlord  
  130  8:12  Overlord  
  128  8:14  Queen  
  128  8:15  Drone x3, Extractor  
  128  8:16  Drone x2  
  124  8:21  Drone x2  
  124  8:25  Roach x3  
  132  8:36  Roach x5  
  132  8:39  Zerg Melee Weapons Level 1  
  142  8:43  Roach x5  
  152  8:50  Drone x5  
  152  8:51  Spore Crawler  
  156  9:08  Zerg Flyer Weapons Level 1  
  156  9:09  Infestation Pit, Drone x2  
  157  9:12  Drone x3  
  157  9:13  Centrifugal Hooks, Overlord  
  157  9:16  Zergling x12  
  157  9:17  Overlord x3  
  166  9:18  Overlord  
  166  9:20  Overlord  
  166  9:25  Spine Crawler  
  166  9:27  Overlord  
  165  9:33  Spore Crawler  
  165  9:38  Spine Crawler  
  160  9:41  Extractor  
  160  9:42  Mutalisk x13  
  185  9:49  Mutalisk x3  
  185  9:50  Spine Crawler  
  190  9:53  Hive  
  190  9:59  Zergling x16  
  198  10:01  Drone  
  198  10:02  Drone  
  200  10:09  Evolution Chamber  
  200  10:10  Overlord  
  198  10:15  Baneling x17  
  198  10:18  Drone  
  199  10:21  Spine Crawler  
  198  10:29  Overlord  
  198  10:34  Zergling x2  
  197  10:44  Zergling x6  
  197  10:50  Zergling x10  
  197  10:57  Zergling x8  
  193  11:08  Zergling x4  
  193  11:09  Zergling x10  
  199  11:12  Zerg Melee Weapons Level 2, Greater Spire  
  199  11:17  Baneling x7  
  199  11:18  Baneling x7  
  199  11:19  Baneling x9  
  199  11:23  Baneling x8  
  199  11:26  Baneling x3  
  199  11:27  Baneling  
  192  11:40  Zergling x16  
  182  11:49  Zergling x50  
  182  11:52  Zergling x8  
  180  11:57  Roach  
  180  12:00  Roach x4  
  181  12:01  Adrenal Glands  
  181  12:02  Zerg Missile Weapons Level 2  
  181  12:03  Zergling x6  
  181  12:06  Corruptor x3  
  186  12:10  Baneling x3  
  186  12:11  Corruptor x2, Ravager  
  186  12:14  Extractor  
  190  12:18  Corruptor x3  
  190  12:22  Drone x3, Spine Crawler  
  198  12:25  Spine Crawler  
  198  12:29  Baneling x5  
  197  12:33  Extractor  
  197  12:34  Pneumatized Carapace  
  195  12:39  Drone x3  
  196  12:48  Zerg Flyer Weapons Level 2  
  196  12:49  Brood Lord x2  
  196  12:50  Hatchery  
  196  12:55  Brood Lord  
  196  12:57  Spine Crawler  
  196  12:58  Overseer, Spine Crawler  
  197  13:00  Spine Crawler  
  197  13:02  Spine Crawler  
  197  13:03  Brood Lord  
  196  13:11  Brood Lord  
  198  13:14  Overseer  
  198  13:20  Brood Lord  
  198  13:24  Corruptor  
  198  13:25  Spore Crawler  
  188  13:51  Brood Lord  
  188  13:52  Corruptor x3, Brood Lord  
  196  13:56  Viper  
  196  14:00  Drone  
  196  14:01  Spire  
  198  14:05  Spine Crawler  
  198  14:07  Spine Crawler  
  198  14:09  Spore Crawler  
  193  14:10  Spore Crawler  
  193  14:11  Drone x2, Extractor  
  193  14:12  Drone x4  
  193  14:13  Extractor  
  193  14:15  Viper  
  198  14:17  Drone x2  
  200  14:25  Baneling  
  200  14:26  Baneling  
  198  14:33  Viper  
  198  14:34  Drone x2  
  200  14:43  Spore Crawler  
  200  14:45  Spore Crawler  
  198  14:46  Spore Crawler  
  198  14:49  Zerg Melee Weapons Level 3  
  198  14:51  Zerg Ground Armor Level 1  
  195  14:57  Drone  
  195  14:58  Drone x6  
  199  15:01  Spore Crawler  
  199  15:03  Drone  
  199  15:04  Spore Crawler  
  199  15:06  Spore Crawler, Overseer  
  197  15:07  Spore Crawler, Zerg Flyer Armor Level 1  
  197  15:09  Spore Crawler  
  197  15:10  Spore Crawler  
  189  15:14  Corruptor x5  
  189  15:16  Drone x2  
  193  15:21  Pathogen Glands  
  193  15:24  Corruptor x3, Brood Lord  
  193  15:28  Drone  
  200  15:32  Corruptor x2  
  198  15:50  Spore Crawler  
  198  15:51  Spore Crawler x2  
  195  15:57  Corruptor x2  
  195  15:59  Overseer, Zerg Flyer Weapons Level 3  
  199  16:09  Spore Crawler  
  198  16:15  Spore Crawler x2  
  198  16:16  Spore Crawler  
  195  16:21  Spore Crawler  
  194  16:31  Overseer  
  194  16:32  Overseer x2  
  194  16:42  Spore Crawler  
  191  17:22  Drone x8  
  199  17:24  Overseer x2  
  199  17:25  Spore Crawler x4  
  199  17:26  Spore Crawler  
  194  17:31  Spore Crawler  
  193  17:45  Corruptor  
  193  17:46  Corruptor x2  
  199  18:26  Viper  
  189  18:40  Zergling x24  
  199  18:43  Zerg Flyer Armor Level 2  
  183  18:49  Zergling x32  
  197  19:08  Baneling x6  
  197  19:29  Baneling  
  197  19:30  Infestor  
  197  19:31  Infestor  
  198  19:41  Infestor x3  
  198  19:44  Zerg Ground Armor Level 2  
  198  19:47  Ultralisk Cavern  
  198  19:50  Overlord  
  198  19:51  Spore Crawler  
  198  19:52  Spore Crawler x2  
  194  19:53  Spore Crawler  
  194  19:54  Spore Crawler  
  194  19:55  Hatchery  
  194  19:57  Overlord  
  191  20:01  Spore Crawler  
  191  20:02  Hatchery  
  191  20:04  Infestor  
  191  20:05  Spore Crawler  
  188  20:09  Baneling x3  
  188  20:20  Viper x2  
  191  20:43  Burrow  
  191  20:57  Corruptor x2  
  191  20:58  Corruptor x2  
  185  21:23  Corruptor x4  
  185  21:24  Corruptor x2  
  189  21:37  Infestor x3  
  193  21:56  Queen x2  
  193  21:58  Brood Lord  
  193  21:59  Infestor  
  193  22:00  Infestor  
  199  22:07  Zergling x2  
  198  22:27  Corruptor  
  175  22:53  Zergling x18  
  175  22:58  Corruptor x9  
  138  23:03  Zergling x18  
  138  23:04  Zergling x4  
  171  23:07  Corruptor x2  
  177  23:13  Zergling x6  
  177  23:15  Corruptor x2  
  179  23:21  Zergling x2  
  155  23:28  Zergling x10  
  123  23:35  Zergling x6  
  123  23:39  Zergling x6  
  116  23:47  Zergling x8  
  105  23:50  Zergling x4  
  105  23:53  Brood Lord x11  
  105  23:54  Zergling x2  
  125  24:01  Zergling x6  
Show
View Real Time Build Order
Export as new Build Order

ForJumY Protoss - Winner!

Build Orders: 1 Gate Expand, Oracle Opening, Archon Immortal, Carriers 

Get SALT Encoding   

  12  0:00  Probe  
  13  0:12  Probe  
  14  0:20  Pylon  
  14  0:24  Probe  
  15  0:38  Probe (Chrono Boost)  
  16  0:43  Gateway  
  17  0:50  Probe (Chrono Boost)  
  17  0:52  Assimilator  
  17  0:57  Probe (Chrono Boost)  
  18  1:04  Probe  
  19  1:16  Probe  
  20  1:28  Nexus  
  20  1:39  Cybernetics Core  
  20  1:43  Probe  
  21  1:49  Assimilator  
  21  1:56  Probe  
  21  1:59  Pylon  
  23  2:08  Probe  
  23  2:14  Adept (Chrono Boost)  
  23  2:21  Stargate  
  25  2:25  Probe  
  25  2:29  Warp Gate  
  26  2:35  Adept (Chrono Boost)  
  26  2:40  Probe (Chrono Boost)  
  26  2:41  Probe (Chrono Boost)  
  30  2:49  Probe (Chrono Boost)  
  32  2:52  Probe (Chrono Boost)  
  32  2:54  Probe (Chrono Boost)  
  33  3:00  Stalker  
  33  3:01  Probe  
  36  3:06  Probe  
  36  3:08  Oracle (Chrono Boost)  
  40  3:13  Probe  
  40  3:18  Probe  
  42  3:25  Probe, Pylon  
  43  3:30  Probe  
  44  3:37  Probe  
  44  3:38  Gateway  
  43  3:44  Probe  
  44  3:50  Probe  
  44  3:52  Oracle  
  48  4:00  Probe  
  48  4:02  Probe  
  49  4:15  Probe  
  50  4:17  Adept  
  52  4:27  Probe  
  52  4:33  Zealot  
  54  4:38  Probe  
  54  4:43  Nexus  
  54  4:46  Pylon  
  54  4:52  Pylon  
  54  4:55  Probe  
  54  4:57  Assimilator  
  54  5:00  Assimilator  
  54  5:04  Oracle, Probe, Forge  
  58  5:07  Probe  
  58  5:13  Zealot x2  
  62  5:16  Probe  
  62  5:19  Probe  
  62  5:28  Probe  
  61  5:31  Probe  
  61  5:34  Twilight Council  
  62  5:39  Gateway  
  62  5:40  Probe, Gateway  
  62  5:41  Robotics Facility  
  63  5:43  Probe (Chrono Boost), Pylon  
  63  5:47  Shield Battery  
  64  5:52  Zealot, Probe (Chrono Boost)  
  64  5:55  Probe (Chrono Boost)  
  64  5:56  Protoss Ground Weapons Level 1, Probe (Chrono Boost)  
  69  6:03  Probe (Chrono Boost)  
  72  6:04  Probe x2 (Chrono Boost)  
  72  6:07  Gateway  
  72  6:08  Probe (Chrono Boost)  
  72  6:09  Charge (Chrono Boost), Probe (Chrono Boost)  
  72  6:10  Templar Archives  
  73  6:11  Probe (Chrono Boost)  
  73  6:16  Gateway  
  75  6:18  Gateway  
  75  6:24  Probe (Chrono Boost)  
  75  6:25  Probe (Chrono Boost)  
  78  6:26  Gateway  
  78  6:27  Probe (Chrono Boost)  
  78  6:31  Zealot x2  
  80  6:37  Stalker x2  
  80  6:38  Probe  
  82  6:42  Pylon  
  75  6:47  Immortal (Chrono Boost)  
  75  6:53  Stalker  
  77  6:55  Zealot  
  77  6:57  Probe  
  77  7:01  Probe x2 (Chrono Boost)  
  79  7:04  Zealot  
  78  7:11  High Templar x2  
  78  7:13  Probe (Chrono Boost)  
  78  7:14  Probe (Chrono Boost)  
  85  7:17  Probe (Chrono Boost)  
  85  7:18  Archon  
  85  7:21  Assimilator x2  
  85  7:22  Observer, Probe (Chrono Boost)  
  87  7:25  Probe (Chrono Boost)  
  87  7:26  Probe (Chrono Boost)  
  87  7:28  Probe  
  89  7:31  Psionic Storm  
  89  7:36  Probe  
  91  7:37  Probe  
  91  7:40  Probe  
  91  7:42  Pylon  
  91  7:43  Pylon  
  93  7:44  Pylon  
  93  7:50  Phoenix, Probe  
  93  8:00  Probe  
  93  8:03  Shield Battery  
  93  8:04  Pylon  
  94  8:07  Immortal (Chrono Boost)  
  94  8:08  High Templar x2  
  102  8:15  Probe  
  102  8:16  Phoenix  
  97  8:21  Archon, High Templar  
  97  8:22  Probe  
  97  8:24  Photon Cannon  
  97  8:25  Probe  
  101  8:28  Shield Battery, Protoss Ground Weapons Level 2 (Chrono Boost)  
  101  8:32  Photon Cannon, Pylon  
  101  8:39  High Templar  
  103  8:46  Phoenix (Chrono Boost)  
  105  8:50  Photon Cannon  
  105  8:52  Probe x2  
  107  9:05  Protoss Air Weapons Level 1 (Chrono Boost)  
  107  9:07  High Templar  
  107  9:08  Immortal (Chrono Boost)  
  109  9:10  Nexus  
  109  9:13  Pylon  
  110  9:17  High Templar  
  110  9:18  Zealot  
  110  9:19  Probe  
  110  9:21  Shield Battery  
  115  9:28  Zealot  
  115  9:31  Zealot x4  
  123  9:39  Nexus  
  123  9:40  Shield Battery  
  123  9:44  Immortal  
  127  9:50  Probe, Fleet Beacon  
  127  9:52  Probe  
  127  9:54  Zealot  
  127  9:55  High Templar x2  
  127  9:56  Probe  
  134  10:00  Archon, Pylon  
  134  10:04  Probe  
  135  10:09  Stargate, Pylon  
  135  10:11  Pylon  
  135  10:12  Zealot x3  
  139  10:17  Probe  
  139  10:19  Assimilator  
  140  10:21  Assimilator  
  140  10:23  High Templar x2  
  140  10:24  Probe  
  140  10:25  Pylon  
  140  10:28  Archon  
  145  10:36  Stalker x2  
  145  10:38  Gateway  
  145  10:42  Probe  
  149  10:44  Stalker x3  
  149  10:46  Probe  
  125  10:57  Phoenix (Chrono Boost)  
  125  10:58  Probe (Chrono Boost)  
  125  11:00  Shield Battery  
  125  11:02  Probe (Chrono Boost)  
  125  11:03  Probe (Chrono Boost)  
  119  11:05  Stalker  
  119  11:07  Probe (Chrono Boost)  
  119  11:11  Probe (Chrono Boost)  
  118  11:14  Probe (Chrono Boost)  
  118  11:16  High Templar  
  118  11:17  High Templar  
  125  11:19  Probe (Chrono Boost)  
  125  11:21  Probe (Chrono Boost)  
  125  11:22  Probe (Chrono Boost)  
  126  11:26  Probe (Chrono Boost)  
  126  11:31  High Templar x2  
  126  11:32  Zealot  
  133  11:33  Probe  
  133  11:37  Probe  
  133  11:38  Archon  
  133  11:44  Phoenix (Chrono Boost)  
  125  11:49  Archon  
  125  11:53  Probe (Chrono Boost)  
  115  11:54  Probe (Chrono Boost)  
  115  11:57  Probe (Chrono Boost)  
  115  11:58  Probe (Chrono Boost)  
  109  12:03  Probe (Chrono Boost)  
  109  12:04  Probe (Chrono Boost)  
  109  12:07  Probe (Chrono Boost)  
  112  12:09  Protoss Shields Level 1 (Chrono Boost), Probe (Chrono Boost)  
  112  12:12  Probe (Chrono Boost), Protoss Air Weapons Level 2 (Chrono Boost)  
  112  12:13  Probe (Chrono Boost)  
  115  12:16  Probe (Chrono Boost)  
  115  12:17  High Templar  
  115  12:22  Probe x2 (Chrono Boost)  
  120  12:23  Probe (Chrono Boost)  
  120  12:24  High Templar  
  120  12:27  Probe (Chrono Boost)  
  123  12:33  Probe (Chrono Boost)  
  123  12:35  Probe (Chrono Boost)  
  123  12:36  Probe (Chrono Boost)  
  127  12:41  Probe x2 (Chrono Boost)  
  127  12:43  Probe (Chrono Boost)  
  130  12:45  Probe (Chrono Boost)  
  130  12:48  Probe x2 (Chrono Boost)  
  132  12:54  Probe (Chrono Boost)  
  132  12:56  Carrier (Chrono Boost)  
  132  12:57  Probe (Chrono Boost)  
  134  12:59  Probe (Chrono Boost)  
  134  13:04  Probe (Chrono Boost)  
  142  13:12  Carrier (Chrono Boost)  
  148  13:13  Stargate  
  148  13:18  Probe x3  
  151  13:27  Probe  
  152  13:35  Mothership  
  160  13:46  Probe x3  
  163  13:53  Gateway  
  163  13:54  Gateway  
  163  13:58  Carrier (Chrono Boost), Probe x3  
  163  14:00  Photon Cannon, Gateway  
  172  14:03  Stalker  
  174  14:10  Probe  
  174  14:11  Protoss Ground Weapons Level 3 (Chrono Boost)  
  174  14:12  Cybernetics Core  
  175  14:20  Carrier  
  181  14:28  Carrier  
  187  14:34  Probe x2  
  187  14:39  Blink (Chrono Boost)  
  187  14:48  Pylon  
  187  14:59  Protoss Air Weapons Level 3 (Chrono Boost)  
  187  15:04  Warp Prism (Chrono Boost)  
  195  15:09  Nexus  
  195  15:11  Carrier (Chrono Boost)  
  195  15:12  Pylon  
  195  15:18  Observer  
  195  15:24  Assimilator  
  195  15:26  Assimilator  
  195  15:28  Pylon  
  195  15:33  Warp Prism (Chrono Boost)  
  197  15:36  Protoss Air Armor Level 1  
  197  15:52  Photon Cannon  
  197  15:53  Photon Cannon  
  197  15:56  Carrier (Chrono Boost), Photon Cannon  
  193  15:59  Photon Cannon  
  193  16:01  Shield Battery  
  193  16:02  Shield Battery  
  197  16:08  Zealot  
  199  16:22  Warp Prism  
  193  16:25  Tempest x2 (Chrono Boost)  
  193  16:27  Photon Cannon  
  199  16:46  Photon Cannon  
  199  16:48  Nexus, Photon Cannon  
  197  17:02  Zealot, Pylon  
  191  17:17  Protoss Shields Level 2 (Chrono Boost)  
  191  17:23  Warp Prism (Chrono Boost)  
  191  17:24  Dark Shrine  
  191  17:39  Photon Cannon  
  191  17:41  Photon Cannon  
  191  17:42  Shield Battery  
  191  17:47  High Templar  
  191  17:48  Assimilator, High Templar x3  
  199  17:51  Archon  
  199  17:52  Archon, Observer, Assimilator  
  200  17:59  Stargate  
  200  18:02  Stargate  
  196  18:19  Robotics Bay  
  196  18:21  Protoss Air Armor Level 2 (Chrono Boost)  
  196  18:34  Probe  
  195  18:41  Shield Battery  
  195  18:45  Photon Cannon  
  195  18:49  Dark Templar x2  
  187  19:05  Gravitic Boosters (Chrono Boost)  
  197  19:10  Tempest x2 (Chrono Boost), Probe x2  
  197  19:12  Pylon  
  184  19:28  Void Ray (Chrono Boost)  
  184  19:29  Void Ray (Chrono Boost)  
  186  19:32  High Templar x2  
  186  19:33  High Templar x2  
  186  19:35  High Templar x3  
  186  19:36  Void Ray (Chrono Boost)  
  186  19:37  Archon x2  
  200  19:45  Photon Cannon  
  196  19:46  Gateway  
  196  19:48  Gateway  
  196  19:52  Void Ray (Chrono Boost)  
  200  19:54  Shield Battery, Photon Cannon, Flux Vanes  
  200  19:55  Shield Battery  
  200  20:04  Unknown  
  200  20:11  Pylon  
  200  20:17  Protoss Shields Level 3 (Chrono Boost)  
  200  20:19  Nexus  
  199  20:31  Void Ray x2 (Chrono Boost), Pylon  
  191  20:50  Photon Cannon  
  191  20:53  Photon Cannon  
  191  20:54  Photon Cannon  
  191  20:56  Photon Cannon  
  185  20:58  Photon Cannon  
  185  21:00  Photon Cannon  
  185  21:01  Shield Battery  
  185  21:02  Shield Battery  
  182  21:05  Shield Battery  
  182  21:08  Shield Battery  
  182  21:09  Protoss Air Armor Level 3 (Chrono Boost)  
  182  21:10  Void Ray (Chrono Boost)  
  198  21:11  Assimilator  
  198  21:13  Oracle (Chrono Boost)  
  198  21:14  Assimilator  
  198  21:16  Tempest (Chrono Boost)  
  190  21:18  Void Ray (Chrono Boost)  
  183  21:26  High Templar  
  183  21:27  High Templar x2  
  183  21:31  Shield Battery x2  
  186  21:33  Gravitic Drive (Chrono Boost), Observer (Chrono Boost)  
  186  21:40  Stalker x5  
  186  21:41  Stalker  
  186  21:44  Pylon  
  186  21:45  Shield Battery, Warp Prism (Chrono Boost)  
  194  21:51  Carrier  
  194  21:52  Carrier  
  196  22:03  High Templar x2  
  187  22:38  High Templar x3  
  191  22:49  Stalker x4  
  191  22:50  Stalker  
  177  22:58  Warp Prism (Chrono Boost)  
  177  22:59  Stalker x4  
  177  23:04  Stalker  
  181  23:21  Stalker x7  
  181  23:22  Stalker  
  181  23:26  Archon, Warp Prism (Chrono Boost)  
  163  23:36  Stalker x5  
  169  23:48  Stalker x5  
  169  23:49  Stalker  
  197  24:07  Stalker x3  
  194  24:17  High Templar x3  
Tags
 
Add a new tag
Caveats
  • Supply blocks, unpowered buildings, or Contaminate may cause inaccurate times.
  • Supply counts are checked every 10 seconds.